 Dungeon Crawl Stone Soup version 0.22-b1-21-g5cfc168 (webtiles) character file.

51 Goblin1989 the Insei (level 3, -2/26 HPs)
             Began as a Demonspawn Transmuter on Aug 5, 2018.
             Slain by an adder (4 damage)
             ... on level 2 of the Dungeon.
             The game lasted 00:06:14 (1489 turns).

Goblin1989 the Insei (Demonspawn Transmuter)        Turns: 1489, Time: 00:06:14

Health: -2/26      AC:  2    Str: 10    XL:     3   Next: 58%
Magic:  6/6        EV: 12    Int: 15    God:
Gold:   58         SH:  0    Dex: 13    Spells: 5/6 levels left

rFire    . . .     SeeInvis .     - Unarmed
rCold    . . .     Gourm    .   (no shield)
rNeg     . . .     Faith    .   b - +0 robe
rPois    .         Spirit   .   (no helmet)
rElec    .         Reflect  .   (no cloak)
rCorr    .         Harm     .   (no gloves)
MR       .....                  (no boots)
Stlth    +.........             (no amulet)
HPRegen  0.08/turn              (no ring)
MPRegen  0.10/turn              (no ring)

@: no status effects
A: claws 2
a: no special abilities


You were on level 2 of the Dungeon.
You were hungry.

You visited 1 branch of the dungeon, and saw 2 of its levels.

You collected 58 gold pieces.

Inventory:

Missiles
 a - 12 arrows
 h - 42 stones (quivered) {@Q3}
Armour
 b - a +0 robe (worn)
Scrolls
 f - 2 scrolls of identify {unknown}
 i - a scroll of magic mapping {unknown}
 n - a scroll of fear {unknown}
Potions
 j - a potion of agility {unknown}
 k - 2 potions of ambrosia {unknown}
 l - a potion of curing {unknown}
Comestibles
 e - 4 rations


   Skills:
 - Level 1.0 Fighting
 - Level 1.7 Dodging
 + Level 3.7 Unarmed Combat
 - Level 2.0 Spellcasting
 - Level 2.5 Transmutations


You had 5 spell levels left.
You knew the following spells:

 Your Spells              Type           Power        Failure   Level  Hunger
a - Beastly Appendage     Tmut           #.....       8%          1    #......

Your spell library contained the following spells:

 Spells                   Type           Power        Failure   Level  Hunger
 Spider Form              Tmut/Pois      #.........   36%         3    ###....
 Blade Hands              Tmut           #.........   91%         5    ######.
 Ice Form                 Ice/Tmut       #.......     78%         4    #####..
 Sticks to Snakes         Tmut           #.......     12%         2    ###....


Dungeon Overview and Level Annotations

Branches:
Dungeon (2/15)

Altars:
Ashenzari
Fedhas
Sif Muna
Trog
The Shining One


Innate Abilities, Weirdness & Mutations

You have very sharp fingernails.


Message History

You are too injured to fight recklessly!
You are too injured to fight recklessly!
You are too injured to fight recklessly!
You are too injured to fight recklessly!
You are too injured to fight recklessly!
You are too injured to fight recklessly!
You are too injured to fight recklessly!
You are too injured to fight recklessly!
You are too injured to fight recklessly!
You are too injured to fight recklessly!
You are too injured to fight recklessly!
You are too injured to fight recklessly!
You are too injured to fight recklessly!
You are too injured to fight recklessly!
You are too injured to fight recklessly!
You are too injured to fight recklessly!
You are too injured to fight recklessly!
You are too injured to fight recklessly!
You are too injured to fight recklessly!
You are too injured to fight recklessly!
You are too injured to fight recklessly!
You are too injured to fight recklessly!
You are too injured to fight recklessly!
You are too injured to fight recklessly!
You are too injured to fight recklessly!
You are too injured to fight recklessly!
You are too injured to fight recklessly!
You are too injured to fight recklessly!
You are too injured to fight recklessly!
You claw the hobgoblin!
You kill the hobgoblin!
You scratch the hobgoblin.
The hobgoblin is heavily wounded.
The hobgoblin barely misses you.
You barely miss the hobgoblin.
The hobgoblin is heavily wounded.
The hobgoblin closely misses you.
You barely miss the hobgoblin.
The hobgoblin is heavily wounded.
The hobgoblin barely misses you.
You claw the hobgoblin!
You kill the hobgoblin!
You closely miss the kobold.
The kobold is heavily wounded.
You scratch the kobold.
The kobold is severely wounded.
The kobold hits you.
* * * LOW HITPOINT WARNING * * *
You take 1 damage, and have 11/26 hp.
You claw the kobold!
You kill the kobold!
The adder is too close now for your liking.
You regained 2 hp, and now have 13/26 hp.
An adder is nearby!
Unknown command.
The adder hisses angrily.
The adder misses you.
You scratch the adder but do no damage. The adder bites you but does no damage.
You miss the adder.
A giant cockroach comes into view.
The adder barely misses you.
You closely miss the adder. The adder bites you.
* * * LOW HITPOINT WARNING * * *
You take 4 damage, and have 10/26 hp.
You closely miss the adder. The adder misses you.
You miss the adder. The adder closely misses you.
You scratch the adder. Your claw misses the adder.
The adder is moderately wounded.
The adder bites you.
* * * LOW HITPOINT WARNING * * *
The adder barely misses you.
You take 2 damage, and have 8/26 hp.
You miss the adder.
The adder is moderately wounded.
The adder bites you.
* * * LOW HITPOINT WARNING * * *
You take 2 damage, and have 6/26 hp.
Unknown command.
You barely miss the adder.
The adder is moderately wounded.
The adder barely misses you.
Unknown command.
You claw the adder!
The adder is almost dead.
The adder misses you.
Unknown command.
You barely miss the adder.
The adder is almost dead.
The adder misses you. The adder bites you.
* * * LOW HITPOINT WARNING * * *
You take 4 damage, and have 2/26 hp.
Unknown command.
You barely miss the adder.
The adder is almost dead.
The adder closely misses you.
Unknown command.
You closely miss the adder.
The adder is almost dead.
The adder bites you.
You die...

.. ███..██ █.█ █....⌂
███████.███████..██
...........<██.....
█....███..███..██
█.......██.....█
███.█>>...████..██
█.....██<..█⌂....⌂
█████@█..███...██8..8█
███████...S...██
█........██
.....█..█.█████
█........█ █....█..█


██████████ █ .██....█ █.█ █...█.███████████ █.>. █.███..)........█ ..... ██.█
████S.......█ ....S.██..███████.......█ You could see an adder.

Vanquished Creatures
  2 adders (D:2)
  2 leopard geckos
  5 goblins
  5 hobgoblins
  2 jackals (D:1)
  2 bats (D:1)
  A frilled lizard (D:1)
  9 kobolds
  2 rats (D:1)
30 creatures vanquished.

Notes
Turn   | Place    | Note
-------+----------+-------------------------------------------
     0 | D:1      | Goblin1989 the Demonspawn Transmuter began the quest for the Orb.
     0 | D:1      | Reached XP level 1. HP: 15/15 MP: 3/3
   277 | D:1      | Gained mutation: You have sharp fingernails. [demonic ancestry]
   277 | D:1      | Reached XP level 2. HP: 15/21 MP: 5/5
   633 | D:1      | Reached skill level 3 in Unarmed Combat
  1327 | D:2      | Gained mutation: You have very sharp fingernails. [demonic ancestry]
  1327 | D:2      | Reached XP level 3. HP: 25/26 MP: 6/6
  1343 | D:2      | Found a deep blue altar of Sif Muna.
  1345 | D:2      | Found a shattered altar of Ashenzari.
  1355 | D:2      | Found a glowing golden altar of the Shining One.
  1357 | D:2      | Found a bloodstained altar of Trog.
  1360 | D:2      | Found a blossoming altar of Fedhas.
  1489 | D:2      | Slain by an adder

Skill      XL: |  1  2 |
---------------+-------+-----
Transmutations | 2 |  2.5
Unarmed Combat | 3 |  3.7
Fighting       | |  1.0
Dodging        | |  1.7
Spellcasting   | |  2.0

Action                   || total
-------------------------++-------
Melee: Unarmed           ||   125
       Headbutt          ||     3
 Cast: Beastly Appendage ||     1
 Stab: Distracted        ||     1
       Sleeping          ||     1
  Eat: Chunk             ||     1
Armor: Robe              ||    15
Dodge: Dodged            ||    71

Vault maps used:
D:1:      minmay_arrival_loop
D:2:      minitemple
